 Dungeon Crawl Stone Soup version 0.30.1-3-gfc49f6343a (webtiles) character file.

Game seed: 12385323704475340310

585 Heoruswealwe the Magician (level 7, -5/36 HPs)
             Began as a Deep Elf Conjurer on Aug 1, 2023.
             Slain by an orc wizard
             ... wielding a +2 dagger of electrocution
              (8 damage)
             ... on level 4 of the Dungeon.
             The game lasted 00:27:25 (3224 turns).

Heoruswealwe the Magician (Deep Elf Conjurer)       Turns: 3224, Time: 00:27:25

Health: -5/36      AC:  2    Str:  4    XL:     7   Next: 14%
Magic:  7/20       EV: 12    Int: 25    God:
Gold:   179        SH:  0    Dex: 13    Spells: 7/21 levels left

rFire   . . .        a - staff of conjuration
rCold   . . .        (no shield)
rNeg    . . .        c - +0 robe
rPois   .            (no helmet)
rElec   .            (no cloak)
rCorr   .            (no gloves)
SInv    .            (no boots)
Will    .....        (no amulet)
Stlth   ++           (no ring)
HPRegen 0.26/turn    (no ring)
MPRegen 0.17/turn

%: no passive effects
@: no status effects
A: no striking features
a: no special abilities


You were on level 4 of the Dungeon.
You visited 2 branches of the dungeon, and saw 5 of its levels.

You collected 179 gold pieces.

Inventory:

Armour
 c - a +0 robe (worn)
 l - a +0 robe
 r - a +0 robe
Magical Staves
 a - a staff of conjuration (weapon)
Scrolls
 e - 4 scrolls of enchant weapon {unknown}
 g - a scroll of fear
 h - a scroll of enchant armour
 n - a scroll of fog {unknown}
 o - a scroll of poison {unknown}
 q - a scroll of amnesia {unknown}
Potions
 b - 3 potions of magic
 d - 4 potions of might {unknown}
 f - 2 potions of brilliance {unknown}
 i - 3 potions of curing {unknown}
 j - a potion of ambrosia {unknown}
 k - 3 potions of degeneration {unknown}
 m - a potion of flight {unknown}
 p - a potion of mutation {unknown}


   Skills:
 - Level 2.4 Dodging
 - Level 2.4 Stealth
 + Level 7.7 Spellcasting
 + Level 7.4 Conjurations


You had 7 spell levels left.
You knew the following spells:

 Your Spells              Type           Power      Damage    Failure   Level
a - Magic Dart            Conj           100%       1d8       1%          1
b - Searing Ray           Conj           100%       2d8       1%          2
c - Dazzling Flash        Conj/Hex       84%        N/A       4%          3
d - Fulminant Prism       Conj/Hex       21%        3d12      14%         4
e - Iskenderun's Mystic   Conj/Tloc      42%        2d10      14%         4

Your spell library contained the following spells:

 Spells                   Type           Power      Damage    Failure   Level
 Tukima's Dance           Hex            9%         N/A       19%         3
 Passage of Golubria      Tloc           9%         N/A       52%         4
 Yara's Violent Unravell  Hex/Tmut       4%         3d4       86%         5


Dungeon Overview and Level Annotations

Branches:
Dungeon (4/15)             Temple (1/1) D:4

Altars:
Ashenzari
Cheibriados
Dithmenos
Elyvilon
Gozag
Kikubaaqudgha
Makhleb
Nemelex Xobeh
Okawaru
Qazlal
Sif Muna
Uskayaw
Wu Jian
Yredelemnul
Zin
The Shining One


Message History

You feel a surge of power!
The magic dart hits the orc priest.
The orc priest is almost dead.
An orc wizard comes into view.
It is wielding a +2 dagger of electrocution.
You feel a surge of power!
The magic dart hits the orc priest!
You kill the orc priest!
The orc wizard shouts!
You feel a surge of power!
The magic dart hits the endoplasm.
The endoplasm is severely wounded.
The orc wizard gestures at you while chanting.
The magic dart hits you!
You feel a surge of power!
The magic dart hits the endoplasm.
You kill the endoplasm!
You feel a surge of power!
The magic dart hits the orc wizard.
The orc wizard is moderately wounded.
You feel a surge of power!
The magic dart hits the orc wizard but does no damage.
The orc wizard is moderately wounded.
You feel a surge of power!
The magic dart hits the orc wizard.
The orc wizard is severely wounded.
Casting: Magic Dart (safe; 1% risk of failure)
Confirm with . or Enter, or press ? or * to list all spells.
Aiming: Searing Ray (safe; 1% risk of failure)
Press: ? - help, Shift-Dir - straight line, f - orc wizard, p - orc wizard
Aim: an orc wizard, wielding a +2 dagger of electrocution, wearing a +0 robe and wearing a +5 ring of evasion (68% to hit)
You feel a surge of power!
The searing ray hits the orc wizard!
You kill the orc wizard!
The searing ray hits the orc wizard!
The orc wizard is heavily wounded. (Press . to maintain the ray.)
The searing ray misses the orc wizard.
The orc wizard hits you with a +2 dagger of electrocution.
You are electrocuted!!
Ouch! That really hurt!
* * * LOW HITPOINT WARNING * * *
The searing ray hits the orc wizard.
The orc wizard is severely wounded.
The orc wizard hits you with a +2 dagger of electrocution.
* * * LOW HITPOINT WARNING * * *
You are electrocuted!
You die...

#.....#.....####..##.....
##...........##... ...#..
#............... ....#..
###....).......
#.#..).##..#.
###.......## #......###
#.......# #.##@.#.#
#......#o...# .......
....... ..#.... ..)....
###.... ....... #....
....... #.... .......
#.(.. #......


You could see an orc wizard.

Vanquished Creatures
  Sigmund (D:2)
  A gnoll sergeant (D:3)
  A jelly (D:3)
  A hound (D:3)
  An orc priest (D:4)
  Natasha (thrice) (D:2)
  An orc wizard (D:4)
  4 gnolls (D:3)
  4 adders
  A white imp (D:4)
  6 worms
  2 dart slugs (D:3)
  4 orcs
  5 ball pythons
  8 bats
  5 endoplasms
  5 giant cockroaches
  6 goblins
  5 hobgoblins
  2 jackals (D:1)
  A quokka (D:3)
  7 frilled lizards
  4 kobolds
  4 rats
82 creatures vanquished.

Notes
Turn   | Place    | Note
-------+----------+-------------------------------------------
     0 | D:1      | Heoruswealwe the Deep Elf Conjurer began the quest for the
                  | Orb.
     0 | D:1      | Reached XP level 1. HP: 10/10 MP: 6/6
   196 | D:1      | Reached XP level 2. HP: 15/15 MP: 4/8
   199 | D:1      | Learned a level 2 spell: Searing Ray
   878 | D:2      | Reached skill level 5 in Conjurations
   878 | D:2      | Reached XP level 3. HP: 19/19 MP: 3/10
   882 | D:2      | Learned a level 3 spell: Dazzling Flash
  1085 | D:2      | Noticed Natasha
  1092 | D:2      | Killed Natasha
  1099 | D:2      | Noticed Sigmund
  1109 | D:2      | Killed Sigmund
  1110 | D:2      | Reached XP level 4. HP: 22/24 MP: 1/14
  1110 | D:2      | Reached XP level 5. HP: 26/28 MP: 1/15
  1115 | D:2      | Learned a level 4 spell: Fulminant Prism
  1120 | D:2      | Learned a level 4 spell: Iskenderun's Mystic Blast
  1248 | D:2      | Noticed Natasha
  1252 | D:2      | Killed Natasha
  1514 | D:2      | Noticed Natasha
  1520 | D:2      | Killed Natasha
  1521 | D:2      | Reached XP level 6. HP: 32/32 MP: 14/17
  2542 | D:3      | Found a snail-covered altar of Cheibriados.
  2787 | D:4      | Found a staircase to the Ecumenical Temple.
  2817 | Temple   | Entered the Ecumenical Temple
  3040 | D:4      | Reached XP level 7. HP: 36/36 MP: 11/19
  3224 | D:4      | Slain by an orc wizard

Illustrated notes

Levels and vault maps discovered:
D:1:      lightli_arrival_statue_moat, layout_basic
D:2:      layout_basic, minmay_3d_cube, uniq_sigmund, uniq_natasha
D:3:      layout_loops_corners, kennysheep_slug_shrine, st_stairs_11,
          hangedman_decor_slide_cut, minmay_fractal_squares_5
D:4:      layout_cave_pools
Temple:   eino_wide_crystal_templ

Skill      XL: |  1  2  3  4  5  6 |
---------------+-------------------+-----
Spellcasting   | 4 6 7 |  7.7
Conjurations   | 5 6 7 |  7.4
Dodging        | |  2.4
Stealth        | |  2.4

Action                     |  1- 3 |  4- 6 |  7- 9 || total
---------------------------+-------+-------+-------++-------
   Cast: Magic Dart        |    47 |    97 |    25 ||   169
         Searing Ray       |     2 |     4 |     1 ||     7
    Use: Scroll            |     3 |       |       ||     3
 Armour: Robe              |     1 |     3 |       ||     4
  Dodge: Dodged            |     7 |    27 |       ||    34
